 Dungeon Crawl Stone Soup version 0.32-a0-953-g508020473e (webtiles) character file.

Game seed: 389932152331837393

3460 holysushi the Skirmisher (level 10, -2/70 HPs)
             Began as a Coglin Hexslinger on Apr 17, 2024.
             Was an Elder of Okawaru.
             Slain by a vampire (4 damage)
             ... on level 9 of the Dungeon.
             The game lasted 00:13:31 (8180 turns).

holysushi the Skirmisher (Coglin Hexslinger)        Turns: 8180, Time: 00:13:31

Health: -2/70      AC: 11    Str:  8 (9)  XL:     10   Next: 6%
Magic:  14/14      EV: 11    Int: 11 (13) God:    Okawaru [****..]
Gold:   591        SH:  0    Dex: 17 (20) Spells: 9/15 levels left

rFire   + . .        a - +1 sling {Bianca}
rCold   . . .        d - +0 sling {Aida}
rNeg    . . .        r - +2 leather armour {rF+}
rPois   .            l - +0 helmet
rElec   .            c - +0 cloak
rCorr   .            h - +2 pair of gloves
SInv    .            k - +0 pair of boots
Will    .....        (amulet unavailable)
Stlth   +            (ring unavailable)
HPRegen 0.31/turn    (ring unavailable)
MPRegen 0.14/turn    (no gizmo)

%: no passive effects
@: mighty, on berserk cooldown, slowed, invisible, very slow
A: off-hand wielding, slow wielding, warmup strikes, no jewellery
a: Invent Gizmo, Renounce Religion, Heroism, Finesse


You were on level 9 of the Dungeon.
You worshipped Okawaru.
Okawaru was greatly pleased with you.
You visited 1 branch of the dungeon, and saw 9 of its levels.

You collected 591 gold pieces.

Inventory:

Hand Weapons
 a - a +1 sling (weapon) {Bianca}
 d - a +0 sling (offhand) {Aida}
Armour
 c - a +0 cloak (worn)
 h - a +2 pair of gloves (worn)
 k - a +0 pair of boots (worn)
 l - a +0 helmet (worn)
 r - a +2 leather armour of fire resistance (worn)
Wands
 f - a wand of warping (7)
 g - a wand of acid (8)
Scrolls
 b - a scroll of poison
 e - a scroll of teleportation
 s - a scroll of enchant armour {unknown}
 t - 2 scrolls of identify
Potions
 j - 3 potions of attraction
 m - a potion of degeneration
 n - a potion of cancellation
 o - 2 potions of brilliance
 u - a potion of curing {unknown}
 v - a potion of haste {unknown}


   Skills:
 - Level 3.0 Fighting
 * Level 9.6 Ranged Weapons
 + Level 3.4 Dodging
 - Level 3.0 Spellcasting
 - Level 4.0 Hexes
 + Level 5.5 Translocations
 - Level 0.9 Fire Magic
 + Level 2.0 Invocations
 - Level 3.0 Evocations


You had 9 spell levels left.
You knew the following spells:

 Your Spells              Type           Power      Damage    Failure   Level
a - Jinxbite              Hex            20%        N/A       11%         2
b - Dimensional Bullseye  Hex/Tloc       6%         N/A       47%         4

Your spell library contained the following spells:

 Spells                   Type           Power      Damage    Failure   Level
 Slow                     Hex            40%        N/A       8%          1
 Confusing Touch          Hex            10%        N/A       22%         3
 Sigil of Binding         Hex            10%        N/A       22%         3
 Scorch                   Fire           6%         2d5       38%         2
 Inner Flame              Hex/Fire       7%         N/A       38%         3
 Cause Fear               Hex            5%         N/A       58%         4
 Vampiric Draining        Necr           1%         2d6       75%         3
 Flame Wave               Conj/Fire      2%         2d4       97%         4
 Yara's Violent Unravell  Hex/Alch       3%         3d4       99%         5
 Enfeeble                 Hex            5%         N/A       100%        7
 Summon Cactus Giant      Summ           Unusable   N/A       N/A         6

Dungeon Overview and Level Annotations

Branches:
Dungeon (9/15) Zot: 26851  Temple (0/1) D:5
   Lair: D:8-11         Orc: D:9-12

Altars:
Okawaru

Annotations:
D:6 1 runed translucent door, lucidstorm14's ghost, novice MiBe


Innate Abilities, Weirdness & Mutations

You can wield a second weapon in your off-hand.
It takes a long time for you to wield or remove held weapons.
Your first few attacks do less damage.
You cannot equip rings or amulets.


Message History

You shoot a sling bullet. x2; Something hits you but does no damage.
Something bites you but does no damage. Something hits you but does no damage.
Something bites you.
Something draws strength from your injuries!
You shoot a sling bullet. x2; Something hits you but does no damage.
Something bites you but does no damage.
You shoot a sling bullet. x2; Something hits you.
Something barely misses you. Something hits you but does no damage.
Something bites you but does no damage.
You shoot a sling bullet. x2; Something hits you!
Something bites you but does no damage.
You shoot a sling bullet. x2; Something hits you but does no damage.
Something bites you.
Something draws strength from your injuries!
You shoot a sling bullet. x2; Something hits you!
Something barely misses you. Something hits you but does no damage.
Something barely misses you.
You shoot a sling bullet. x2; Something hits you but does no damage.
Something bites you but does no damage.
You shoot a sling bullet. x2; Something hits you but does no damage.
Something bites you.
Something draws strength from your injuries!
Something hits you. Something bites you.
Something draws strength from your injuries!
You shoot a sling bullet. x2; Something hits you!
* * * LOW HITPOINT WARNING * * *
Something bites you but does no damage.
You fade into invisibility!
You feel your willpower return. Something hits you!
* * * LOW HITPOINT WARNING * * *
Something bites you!
* * * LOW HITPOINT WARNING * * *
Something draws strength from your injuries!
Something hits you but does no damage. Something bites you.
* * * LOW HITPOINT WARNING * * *
Something draws strength from your injuries!
Okay, then.
Okay, then.
It was a potion of might.
You feel very mighty all of a sudden. Something hits you.
You die...

# #.# #.#
##.###.
#.###.#####.#
#.# ##
#...........#
#.#
####..#######
.# #.## #.#
#.# #.# #@#
#{# #$# #.#
#.# #.# #.#
#.#


There were no monsters in sight!

Vanquished Creatures
  Grinder (D:3)
  4 yaks
  A steam dragon (D:8)
  A water moccasin (D:6)
  An orc warrior (D:7)
  2 sky beasts (D:7)
  2 black bears (D:6)
  An ice beast (D:7)
  2 ogres (D:5)
  A centaur (D:8)
  2 kobold brigands (D:5)
  A phantom (D:4)
  A gnoll sergeant (D:5)
  3 bullfrogs
  3 scorpions
  6 killer bees (D:7)
  A howler monkey (D:6)
  2 bombardier beetles
  2 hounds (D:6)
  An orc priest (D:4)
  2 sleepcaps
  A gnoll bouda (D:7)
  An iguana (D:6)
  6 orc wizards
  Robin (D:3)
  7 gnolls
  11 adders
  2 shadow imps
  27 orcs
  4 ball pythons (D:1)
  8 bats
  7 endoplasms
  8 giant cockroaches
  20 goblins
  11 hobgoblins
  5 jackals
  3 quokkas
  2 frilled lizards (D:2)
  14 kobolds
  5 rats
183 creatures vanquished.

Notes
Turn   | Place    | Note
-------+----------+-------------------------------------------
     0 | D:1      | holysushi the Coglin Hexslinger began the quest for the
                  | Orb.
     0 | D:1      | Reached XP level 1. HP: 15/15 MP: 2/2
    86 | D:1      | Reached skill level 2 in Ranged Weapons
   124 | D:1      | Reached XP level 2. HP: 21/21 MP: 3/3
   250 | D:1      | Reached skill level 3 in Ranged Weapons
   251 | D:1      | Reached XP level 3. HP: 26/26 MP: 4/4
   319 | D:1      | Learned a level 2 spell: Jinxbite
  1030 | D:2      | Reached XP level 4. HP: 32/32 MP: 2/5
  1240 | D:2      | Reached skill level 4 in Ranged Weapons
  2036 | D:3      | Noticed Robin
  2037 | D:3      | Found an iron altar of Okawaru.
  2043 | D:3      | Reached XP level 5. HP: 37/37 MP: 3/6
  2049 | D:3      | Killed Robin
  2095 | D:3      | Became a worshipper of Warmaster Okawaru
  2238 | D:3      | Noticed Grinder
  2242 | D:3      | Paralysed by Grinder for 4 turns
  2248 | D:3      | Paralysed by Grinder for 3 turns
  2253 | D:3      | Paralysed by Grinder for 4 turns
  2259 | D:3      | Killed Grinder
  2259 | D:3      | Reached * piety under Okawaru
  2260 | D:3      | Reached skill level 6 in Ranged Weapons
  2260 | D:3      | Reached XP level 6. HP: 35/43 MP: 2/7
  2352 | D:3      | Learned a level 4 spell: Dimensional Bullseye
  2560 | D:3      | Found a faded altar of an unknown god.
  2876 | D:4      | Reached XP level 7. HP: 48/48 MP: 5/9
  3328 | D:5      | Entered Level 5 of the Dungeon
  3350 | D:5      | Reached skill level 1 in Translocations
  3508 | D:5      | Reached skill level 1 in Invocations
  3912 | D:5      | Reached XP level 8. HP: 57/57 MP: 7/11
  4015 | D:5      | Found a staircase to the Ecumenical Temple.
  4287 | D:5      | Reached ** piety under Okawaru
  4288 | D:5      | Reached skill level 7 in Ranged Weapons
  5193 | D:6      | Found a runed translucent door.
  5199 | D:6      | Noticed lucidstorm14's ghost (novice MiBe)
  5511 | D:6      | Reached skill level 8 in Ranged Weapons
  5878 | D:7      | Reached XP level 9. HP: 61/63 MP: 10/12
  5991 | D:7      | Reached skill level 1 in Evocations
  6658 | D:7      | Reached *** piety under Okawaru
  7369 | D:7      | Reached skill level 9 in Ranged Weapons
  7832 | D:8      | Reached skill level 5 in Translocations
  8073 | D:8      | Reached XP level 10. HP: 56/70 MP: 8/14
  8120 | D:9      | Reached **** piety under Okawaru
  8179 | D:9      | HP: 1/70 [something (3)]
  8180 | D:9      | Slain by a vampire

Illustrated notes

Levels and vault maps discovered:
D:1:      dpeg_arrival_round_a, layout_basic, grunt_decor_junction
D:2:      layout_basic, minmay_misc_feat_five
D:3:      layout_loops_ring, amcnicky_altar_gilded,
          dreamdust_ecumenical_altar_statues, uniq_robin, uniq_grinder
D:4:      layout_loops_cross, guppyfry_early_lair_pool
D:5:      cheibrodos_thug_alley, layout_cave_pods,
          minmay_temple_entry_overgrown, kennysheep_generic_room_5
D:6:      layout_loops_ring, ebering_ghost_sewer_d
D:7:      layout_gridville
D:8:      layout_basic
D:9:      layout_loops_ring, nicolae_ashenzari_panopticon,
          nicolae_overflow_hidden_temple, hiddenorc1_lemuel, uniq_psyche,
          uniq_maggie

Skill      XL: |  1  2  3  4  5  6  7  8  9 |
---------------+----------------------------+-----
Ranged Weapons | 2 3 4 6 8 9 |  9.6
Hexes          | 3 4 |  4.0
Translocations | 2 3 5 |  5.5
Invocations    | 1 2 |  2.0
Fighting       | 2 3 |  3.0
Spellcasting   | 2 3 |  3.0
Evocations     | 3 |  3.0
Dodging        | 3 |  3.4
Fire Magic     | |  0.9

Action                     |  1- 3 |  4- 6 |  7- 9 | 10-12 || total
---------------------------+-------+-------+-------+-------++-------
  Melee: Sling             |       |       |       |     2 ||     2
   Fire: Sling             |   122 |   236 |   624 |    38 ||  1020
   Cast: Jinxbite          |     6 |    12 |    60 |     2 ||    80
  Evoke: Wand              |       |       |     2 |       ||     2
    Use: Scroll            |       |       |    10 |       ||    10
         Potion            |       |       |     2 |     4 ||     6
 Armour: Robe              |     3 |    25 |       |       ||    28
         Leather armour    |       |       |   133 |    40 ||   173
         Skin              |       |       |    26 |       ||    26
  Dodge: Dodged            |    10 |    23 |   102 |     4 ||   139

Table legend: (Time is in decaauts)
 A = Elapsed time spent in this place.
 B = Non-inter-level travel time spent in this place.
 C = Inter-level travel time spent in this place.
 D = Time resting spent in this place.
 E = Time spent auto-exploring this place.
 F = Levels seen in this place.
 G = Mean time per level.
                   A        B        C        D        E       F      G
               +--------+--------+--------+--------+--------+-----+--------+
         Total |   8263 |   7894 |    369 |   1430 |   5110 |   9 |  918.1 |
       Dungeon |   8263 |   7894 |    369 |   1430 |   5110 |   9 |  918.1 |
               +--------+--------+--------+--------+--------+-----+--------+

Top non-repeatable levels by time:
     D:7: 1569 daAuts
     D:5: 1406 daAuts
     D:6: 1207 daAuts
     D:3: 1020 daAuts
     D:2: 890 daAuts
     D:1: 751 daAuts
     D:4: 703 daAuts
     D:8: 613 daAuts
     D:9: 101 daAuts
